 Dungeon Crawl Stone Soup version 0.28-a0-519-gbfeecf2fc5 (webtiles) character file.

Game seed: 9990152828630256806

53 robertstho the Magician (level 4, -3/32 HPs)
             Began as a Djinni Fire Elementalist on Sept 23, 2021.
             Slain by a gnoll (14 damage)
             ... on level 2 of the Dungeon.
             The game lasted 00:01:39 (2620 turns).

robertstho the Magician (Djinni Fire Elementalist)  Turns: 2620, Time: 00:01:40

Health: -3/32      AC:  3    Str:  7    XL:     4   Next: 10%
Gold:   40         EV: 12    Int: 18    God:
                   SH:  0    Dex: 13

rFire   + + .      SeeInvis .   (no weapon)
rCold   x . .      Faith    .   (no shield)
rNeg    . . .      Spirit   .   a - +0 robe
rPois   ∞          Reflect  .   (no helmet)
rElec   .          Harm     .   (no cloak)
rCorr   .          Rampage  .   b - +0 pair of gloves
Will    .....                   (boots unavailable)
Stlth   ++........              (no amulet)
HPRegen 0.10/turn               (no ring)
MPRegen 0.00/turn               (no ring)

@: flying
A: sickness immunity, fire resistance 2, cold vulnerability 1, float, innate
caster, hp casting, extra vitality 1
a: no special abilities


You were on level 2 of the Dungeon.
You visited 1 branch of the dungeon, and saw 2 of its levels.

You collected 40 gold pieces.

Inventory:

Armour
 a - a +0 robe (worn)
 b - a +0 pair of gloves (worn)
Scrolls
 d - 2 scrolls of identify {unknown}
 e - a scroll of enchant armour {unknown}
Potions
 c - a potion of flight {unknown}


   Skills:
 * Level 1.4 Fighting
 + Level 2.2 Dodging
 + Level 1.7 Stealth
 * Level 3.3 Spellcasting


You couldn't memorise any spells.
You knew the following spells:

 Your Spells              Type           Power      Damage    Failure   Level
a - Foxfire               Conj/Fire      56%        2x1d6     4%          1
b - Scorch                Fire           28%        2d6       6%          2
c - Conjure Flame         Conj/Fire      14%        6-21      12%         3
d - Inner Flame           Hex/Fire       14%        N/A       12%         3
e - Flame Wave            Conj/Fire      14%        3d5       38%         4
f - Summon Small Mammal   Summ           56%        N/A       4%          1
Your spell library was empty.

Dungeon Overview and Level Annotations

Branches:
Dungeon (2/15)

Altars:


Innate Abilities, Weirdness & Mutations

You are immune to sickness and miasma.
You are immune to poison.
Your flesh is very heat resistant. (rF++)
You are vulnerable to cold. (rC-)
You float through the air rather than walking.
You learn spells naturally, not from books.
Your magical power is your life essence.
You have superior vitality. (+4 HP)


Message History

Casting: Scorch (safe; 7% risk of failure)
Confirm with . or Enter, or press ? or * to list all spells.
Flames lash the adder.
The adder is heavily wounded.
The adder's fire resistance burns away.
You hear a shout!
A gnoll comes into view. It is wielding a +0 halberd.
The adder bites you.
Casting: Scorch (safe; 7% risk of failure)
Confirm with . or Enter, or press ? or * to list all spells.
Flames lash the adder.
The adder is burned terribly!
You kill the adder!
The kobold throws a stone.
The stone misses you.
Your Fighting skill increases to level 1!
You have reached level 4!
You feel clever.
Casting: Scorch (safe; 6% risk of failure)
Confirm with . or Enter, or press ? or * to list all spells.
Flames lash the kobold.
You kill the kobold!
A gnoll comes into view. It is wielding a +0 halberd.
The hobgoblin hits you but does no damage.
Casting: Scorch (safe; 6% risk of failure)
Confirm with . or Enter, or press ? or * to list all spells.
Flames lash the hobgoblin.
You kill the hobgoblin!
A gnoll comes into view. It is wielding a +0 club.
Casting: Scorch (safe; 6% risk of failure)
Confirm with . or Enter, or press ? or * to list all spells.
Flames lash the gnoll.
The gnoll is heavily wounded.
The gnoll's fire resistance burns away.
You hear a shout!
The gnoll barely misses you.
Casting: Scorch (safe; 6% risk of failure)
Confirm with . or Enter, or press ? or * to list all spells.
Flames lash the gnoll.
The gnoll is burned terribly!
The gnoll is almost dead.
The gnoll hits you from afar with a +0 halberd!
You die...

#.....## ..#
#.....# #.#
#.....# #.#
##..### #.# #
#.##
###.##.###.#
....g #.#.#
#####g####.#.#
#..@.....#.#.#
#.†.###.##.....#
### #.##...###
..####.# ####
#... #.### #.#
###


You could see 2 gnolls.

Vanquished Creatures
  2 adders (D:2)
  A dart slug (D:2)
  2 ball pythons
  3 endoplasms
  A giant cockroach (D:1)
  3 goblins
  4 hobgoblins
  A jackal (D:1)
  A kobold (D:2)
  2 quokkas
  6 bats
  A frilled lizard (D:1)
  2 rats
29 creatures vanquished.

Vanquished Creatures (others)
  123 foxfires
123 creatures vanquished.

Grand Total: 152 creatures vanquished

Notes
Turn   | Place    | Note
-------+----------+-------------------------------------------
     0 | D:1      | robertstho the Djinni Fire Elementalist began the quest for
                  | the Orb.
     0 | D:1      | Reached XP level 1. HP: 15/15 MP: 0/0
   540 | D:1      | Reached XP level 2. HP: 17/22 MP: 0/0
  1226 | D:1      | Found a faded altar of an unknown god.
  1390 | D:1      | Reached skill level 3 in Spellcasting
  1777 | D:2      | Reached XP level 3. HP: 12/26 MP: 0/0
  1777 | D:2      | Learned a level 1 spell: Summon Small Mammal
  2617 | D:2      | Reached skill level 1 in Fighting
  2617 | D:2      | Reached XP level 4. HP: 18/32 MP: 0/0
  2620 | D:2      | Slain by a gnoll

Illustrated notes

Levels and vault maps discovered:
D:1:      psy_arrival_conway, layout_basic,
          shapermc_ecumenical_altar_notcrosses, st_stairs_9
D:2:      layout_basic, serial_co_window_serial, co_window_paths_a,
          co_window_corner_a, co_window_cross_1, co_window_cross_1,
          co_window_corner_a, co_window_broadway_c, co_window_2corner,
          co_window_unsneaky_path_a, co_window_corner_b, co_window_corner_b,
          co_window_paths_d, glass_columns_b, glass_columns_c, glass_columns_a,
          glass_columns_a, minmay_pentomino_v4

Skill      XL: |  1  2  3 |
---------------+----------+-----
Spellcasting   | 3 |  3.3
Fighting       | 1 |  1.4
Dodging        | |  2.2
Stealth        | |  1.7

Action                   |  1- 3 |  4- 6 || total
-------------------------+-------+-------++-------
Melee: Unarmed           |    10 |       ||    10
 Cast: Foxfire           |    74 |       ||    74
       Scorch            |     7 |     4 ||    11
 Stab: Sleeping          |     2 |       ||     2
Armor: Robe              |     5 |     1 ||     6
Dodge: Dodged            |    29 |     1 ||    30

Table legend: (Time is in decaauts)
 A = Elapsed time spent in this place.
 B = Non-inter-level travel time spent in this place.
 C = Inter-level travel time spent in this place.
 D = Time resting spent in this place.
 E = Time spent auto-exploring this place.
 F = Levels seen in this place.
 G = Mean time per level.
                   A        B        C        D        E       F      G
               +--------+--------+--------+--------+--------+-----+--------+
         Total |   2619 |   2595 |     24 |      0 |   2350 |   2 | 1309.5 |
       Dungeon |   2619 |   2595 |     24 |      0 |   2350 |   2 | 1309.5 |
               +--------+--------+--------+--------+--------+-----+--------+

Top non-repeatable levels by time:
     D:1: 1756 daAuts
     D:2: 863 daAuts
